 Dungeon Crawl Stone Soup version 0.30-a0-862-g1aabd4f9c5 (webtiles) character file.

Game seed: 1290060824877187523

629 Morbidden the Conjurer (level 7, 0/51 HPs)
             Began as a Barachi Conjurer on Mar 9, 2023.
             Slain by a wyvern zombie (13 damage)
             ... in an ossuary.
             The game lasted 00:05:27 (3839 turns).

Morbidden the Conjurer (Barachi Conjurer)           Turns: 3839, Time: 00:05:28

Health: 0/51       AC:  5    Str:  9    XL:     7   Next: 48%
Magic:  0/13       EV: 12    Int: 20    God:
Gold:   61         SH:  0    Dex: 10    Spells: 7/14 levels left

rFire   + + .      SeeInvis .    a - +0 lajatang
rCold   + . .      Faith    .    (shield currently unavailable)
rNeg    . . .      Spirit   .    j - +2 robe {rF+}
rPois   +          Reflect  .    (no helmet)
rElec   +          Rampage  .    l - +0 cloak
rCorr   +                        (no gloves)
Will    .....                    (no boots)
Stlth   ++                       (no amulet)
HPRegen 0.28/turn                (no ring)
MPRegen 0.13/turn                (no ring)

@: resistant, slow
A: amphibious, slowness 1, strong legs 1, +LOS
a: Hop


You were in an ossuary.
You visited 1 branch of the dungeon, and saw 4 of its levels.
You also visited: Ossuary.

You collected 218 gold pieces.
You spent 157 gold pieces at shops.

Inventory:

Hand Weapons
 a - a +0 lajatang (weapon)
 e - a +0 morningstar
 m - a +0 war axe
Missiles
 h - 2 throwing nets
Armour
 j - a +2 robe of fire resistance (worn)
 k - a +0 chain mail
 l - a +0 cloak (worn)
 v - a +0 plate armour
Wands
 o - a wand of digging (6)
Scrolls
 c - a scroll of poison {unknown}
 d - 4 scrolls of teleportation {unknown}
 f - 4 scrolls of identify {unknown}
 s - a scroll of summoning {unknown}
 t - a scroll of fog {unknown}
 u - a scroll of vulnerability {unknown}
Potions
 b - a potion of magic
 g - a potion of curing
 i - a potion of haste {unknown}
 n - a potion of flight {unknown}
 p - a potion of ambrosia {unknown}
 q - a potion of resistance
 r - a potion of might {unknown}


   Skills:
 * Level 2.6 Fighting
 * Level 2.1(2.2) Axes
 * Level 0.7(1.5) Polearms
 + Level 0.5(0.8) Staves
 * Level 2.4 Armour
 * Level 3.3 Dodging
 + Level 2.2 Stealth
 * Level 4.4 Spellcasting
 * Level 6.2 Conjurations
 * Level 1.6 Translocations


You had 7 spell levels left.
You knew the following spells:

 Your Spells              Type           Power      Damage    Failure   Level
a - Magic Dart            Conj           100%       1d8       1%          1
b - Searing Ray           Conj           58%        2d6       1%          2
c - Iskenderun's Mystic   Conj/Tloc      20%        2d6       24%         4

Your spell library contained the following spells:

 Spells                   Type           Power      Damage    Failure   Level
 Apportation              Tloc           22%        N/A       6%          1
 Dazzling Flash           Conj/Hex       32%        N/A       11%         3
 Necrotise                Necr           16%        1d4       12%         1
 Summon Small Mammal      Summ           16%        N/A       12%         1
 Fulminant Prism          Conj/Hex       8%         3d7       34%         4


Dungeon Overview and Level Annotations

Branches:
Dungeon (4/15)            Ossuary (1/1)
 Temple: D:4-7

Altars:
Ru
Trog

Shops:
D:3 *


Innate Abilities, Weirdness & Mutations

You are amphibious.
You cover ground slowly.
You can hop short distances.
You have an extended range of vision and can be seen from far away.


Message History

The bullfrog zombie hits you.
You closely miss the bullfrog zombie.
The bullfrog zombie is severely damaged.
The bullfrog zombie hits you.
Unknown command.
Casting: Searing Ray (safe; 1% risk of failure)
Confirm with . or Enter, or press ? or * to list all spells.
Aiming: Searing Ray (safe; 1% risk of failure)
Press: ? - help, Shift-Dir - straight line, f - wyvern zombie
Aim: a wyvern zombie (93% to hit)
The searing ray hits the bullfrog zombie.
The bullfrog zombie is almost destroyed.
The searing ray hits the wyvern zombie!
The wyvern zombie is lightly damaged. (Press . to maintain the ray.)
The bullfrog zombie hits you.
* * * LOW HITPOINT WARNING * * *
The bullfrog zombie hits you but does no damage.
Unknown command.
Unknown command.
The searing ray hits the bullfrog zombie!
You destroy the bullfrog zombie!
The wyvern zombie misses you.
Unknown command.
Unknown command.
Unknown command.
Hop to where?
Press: ? - help, Dir - move target, f - you, p - wyvern zombie
Okay, then.
Unknown command.
You slash the wyvern zombie!
The wyvern zombie is moderately damaged.
The wyvern zombie bites you but does no damage.
Unknown command.
It was a potion of resistance.
You feel protected. The wyvern zombie misses you.
A wyvern zombie comes into view.
The wyvern zombie bites you!
You die...

# ≈ ##Z
#≈≈#..
#≈~#~.#####
#.~~#...#
#.Z.∩.#
#~..~#@.∩#
##~M #####
#. #


You could see 2 wyvern zombies.

Vanquished Creatures
  A scorpion (D:3)
  A bullfrog zombie (Ossuary)
  A howler monkey (D:3)
  2 orc priests
  A hound (D:4)
  Jessica (D:2)
  Natasha (thrice) (D:3)
  An orc wizard (D:2)
  A killer bee zombie (Ossuary)
  6 mummies
  2 adders (D:2)
  2 worms
  5 dart slugs
  9 orcs
  9 ball pythons
  10 bats
  5 endoplasms
  4 giant cockroaches
  5 goblins
  5 hobgoblins
  3 jackals (D:3)
  3 quokkas
  3 frilled lizards
  A goblin zombie (D:4)
  6 kobolds
  An orc zombie (D:4)
  3 rats
94 creatures vanquished.

Vanquished Creatures (others)
  5 withered plants (Ossuary)
5 creatures vanquished.

Grand Total: 99 creatures vanquished

Notes
Turn   | Place    | Note
-------+----------+-------------------------------------------
     0 | D:1      | Morbidden the Barachi Conjurer began the quest for the Orb.
     0 | D:1      | Reached XP level 1. HP: 13/13 MP: 3/3
   180 | D:1      | Reached XP level 2. HP: 20/20 MP: 3/5
   318 | D:1      | Learned a level 2 spell: Searing Ray
  1047 | D:1      | Reached XP level 3. HP: 25/25 MP: 3/6
  1511 | D:2      | Noticed Jessica
  1520 | D:2      | Killed Jessica
  1521 | D:2      | Reached skill level 1 in Fighting
  1521 | D:2      | Reached skill level 1 in Armour
  1521 | D:2      | Reached skill level 5 in Conjurations
  1594 | D:2      | Reached XP level 4. HP: 32/32 MP: 0/8
  1935 | D:2      | Learned a level 4 spell: Iskenderun's Mystic Blast
  2406 | D:2      | Reached XP level 5. HP: 23/37 MP: 3/9
  2756 | D:3      | Found a faded altar of an unknown god.
  2769 | D:3      | Reached skill level 6 in Conjurations
  2769 | D:3      | Reached skill level 1 in Translocations
  2769 | D:3      | Reached XP level 6. HP: 42/44 MP: 2/11
  2819 | D:3      | Noticed Natasha
  2823 | D:3      | Killed Natasha
  3078 | D:3      | Noticed Natasha
  3095 | D:3      | Killed Natasha
  3096 | D:3      | Reached skill level 1 in Axes
  3164 | D:3      | Found a sacrificial altar of Ru.
  3168 | D:3      | Found Teth's Assorted Antiques.
  3191 | D:3      | Noticed Natasha
  3198 | D:3      | Bought a viscous cyan potion for 18 gold pieces
  3198 | D:3      | Bought 2 dark potions for 37 gold pieces
  3198 | D:3      | Bought a fuming white potion for 18 gold pieces
  3198 | D:3      | Bought a scroll labelled PUITHI QUIZ for 21 gold pieces
  3198 | D:3      | Bought a scroll labelled LUASUA APUEL for 21 gold pieces
  3198 | D:3      | Bought a scroll labelled YRY EKHILYEQ for 21 gold pieces
  3198 | D:3      | Bought a scroll labelled ZAZOOFOGUCU for 21 gold pieces
  3350 | D:3      | Killed Natasha
  3534 | D:4      | Found a bloodstained altar of Trog.
  3627 | D:4      | Found a sand-covered staircase.
  3635 | D:4      | Reached XP level 7. HP: 46/50 MP: 3/13
  3638 | Ossuary  | Entered an ossuary
  3839 | Ossuary  | Slain by a wyvern zombie

Illustrated notes

Levels and vault maps discovered:
D:1:      mainiacjoe_arrival_reflecting_pool, layout_basic
D:2:      cheibrodos_pilgrimage, layout_basic, grunt_ministairs_2, uniq_jessica
D:3:      layout_rooms, lemuel_doored_altar, ebering_ecumenical_altar_box,
          serial_shops, shop, minmay_misc_feat_doors, amcnicky_mini_pool_small,
          uniq_natasha
D:4:      layout_basic, amcnicky_altar_gilded, nicolae_ossuary_entry_giza
Ossuary:  ossuary_zaba_flooded

Skill      XL: |  1  2  3  4  5  6  7 |
---------------+----------------------+-----
Fighting       | 1 2 |  2.6
Armour         | 1 2 |  2.4
Stealth        | 2 |  2.2
Conjurations   | 5 6 |  6.2
Spellcasting   | 3 4 |  4.4
Translocations | 1 |  1.6
Axes           | 1 2 |  2.1
Dodging        | 3 |  3.3
Polearms       | |  0.7
Staves         | |  0.5

Action                     |  1- 3 |  4- 6 |  7- 9 || total
---------------------------+-------+-------+-------++-------
  Melee: War axe           |       |    25 |       ||    25
         Lajatang          |       |    14 |    11 ||    25
   Cast: Magic Dart        |    51 |    77 |       ||   128
         Searing Ray       |     1 |    14 |     4 ||    19
Ability: Hop               |       |     1 |       ||     1
    Use: Potion            |       |     1 |     2 ||     3
   Stab: Sleeping          |       |     1 |       ||     1
 Armour: Robe              |     1 |    21 |     7 ||    29
  Dodge: Dodged            |     4 |    57 |    13 ||    74

Table legend: (Time is in decaauts)
 A = Elapsed time spent in this place.
 B = Non-inter-level travel time spent in this place.
 C = Inter-level travel time spent in this place.
 D = Time resting spent in this place.
 E = Time spent auto-exploring this place.
 F = Levels seen in this place.
 G = Mean time per level.
                   A        B        C        D        E       F      G
               +--------+--------+--------+--------+--------+-----+--------+
         Total |   4273 |   4109 |    164 |    185 |   3316 |   5 |  854.6 |
       Dungeon |   4068 |   3904 |    164 |     17 |   3315 |   4 | 1017.0 |
       Ossuary |    205 |    205 |      0 |    168 |      1 |   1 |  205.0 |
               +--------+--------+--------+--------+--------+-----+--------+

Top non-repeatable levels by time:
     D:1: 1704 daAuts
     D:2: 1364 daAuts
     D:3: 825 daAuts
 Ossuary: 205 daAuts
     D:4: 172 daAuts
